 Dungeon Crawl Stone Soup version 0.14-a0-1403-g5d3c58f (webtiles) character file.

417 Jenx the Ruffian (level 6, -4/59 HPs)
             Began as a Troll Monk on Dec 10, 2013.
             Was a Believer of Makhleb.
             Killed from afar by an orc wizard (8 damage)
             ... with a magic dart
             ... on Level 4 of the Dungeon.
             The game lasted 00:08:14 (3013 turns).

Jenx the Ruffian (Troll Monk)                       Turns: 3013, Time: 00:08:15

HP  -4/59        AC  7     Str 20      XL: 6   Next: 20%
MP   4/4         EV 10     Int  6      God: Makhleb [**....]
Gold 100         SH  0     Dex 14      Spells:  0 memorised,  5 levels left

rFire  . . .     SeeInvis .       - Unarmed
rCold  . . .     Clarity  .     m - +2 robe
rNeg   . . .     Conserve .     (shield restricted)
rPois  .         rCorr    .     (helmet restricted)
rElec  .         rRot     .     (no cloak)
SustAb . .       Spirit   .     (gloves unavailable)
rMut   .         Warding  .     (boots unavailable)
Gourm  +         Stasis   .     (no amulet)
                                (no ring)
                                (no ring)

@: mildly poisoned, slightly resistant to hostile enchantments, unstealthy
A: unfitting armour, claws 3, fast metabolism 3, gourmand, regeneration 2,
saprovore 2, shaggy fur 1, tough skin 2
a: Minor Destruction, Renounce Religion


You were on level 4 of the Dungeon.
You worshipped Makhleb.
Makhleb was pleased with you.
You were full.

You visited 2 branches of the dungeon, and saw 5 of its levels.

You collected 100 gold pieces.

Inventory:

Hand weapons
 l - a +1,+1 spear of flaming
Missiles
 n - 14 darts of frost (quivered)
Armour
 m - a +2 robe (worn)
Comestibles
 b - 3 meat rations
 f - a bread ration
 g - a choko
Scrolls
 a - a scroll of enchant armour {unknown}
 c - 5 scrolls of remove curse {unknown}
 d - a scroll of fog {unknown}
 i - a scroll of blinking {unknown}
 j - a scroll of recharging {unknown}
 k - a scroll of amnesia {unknown}
 o - a scroll of identify {unknown}
 s - a scroll of random uselessness {unknown}
Potions
 e - a potion of porridge
 h - a potion of poison
 q - a potion of invisibility {unknown}
 r - a potion of degeneration {unknown}


   Skills:
 - Level 2.4 Fighting
 - Level 2.4 Dodging
 - Level 1.1 Stealth
 * Level 7.3 Unarmed Combat
 + Level 1.1 Invocations


You had 5 spell levels left.
You didn't know any spells.

Dungeon Overview and Level Annotations

Branches:
Dungeon (4/16)             Temple (1/1) D:4

Altars:
Ashenzari
Cheibriados
Elyvilon
Fedhas
Kikubaaqudgha
Makhleb
Nemelex Xobeh
Okawaru
Sif Muna
Trog
Vehumet
Xom
Yredelemnul
Zin
the Shining One


Innate Abilities, Weirdness & Mutations

You are too large for most types of armour.
You have claws for hands.
Your metabolism is lightning-fast.
You like to eat raw meat.
You heal very quickly.
You can eat rotten meat.
You are covered in fur (AC +1).
You have very tough skin (AC +2).


Message History

The orc priest begins to bleed from its wounds!
The orc priest is severely wounded.
The orc wizard is no longer bleeding.
The orc wizard hits you but does no damage.
The orc wizard points at you and mumbles some strange words.
The puff of flame hits you!
* * * LOW HITPOINT WARNING * * *
The orc wizard casts a spell at you. The magic dart hits you!
* * * LOW HITPOINT WARNING * * *
The orc wizard hits you but does no damage.
You closely miss the orc priest.
The orc priest is severely wounded.
The orc hits you but does no damage.
The orc priest calls upon Beogh to heal the orc wizard.
The orc wizard's wounds heal themselves!
The orc wizard barely misses you.
The orc wizard points at you and mumbles some strange words.
The magic dart hits you!
You die... .....###........ ............. .... oo..........

.... #........# #..# #........#
#..# #........# #..# #....o...#
#..# #.....o..# #..# #..
#........# #@o####..#
###.....o..#####oo......#########
......#####..o.oo................
......# #.......(..............
......# #...#####...#####.#####
......#####...#####...# #.# #
........).)...........#####.# #
.........)..................#####
......................#####......


You could see an orc priest (bleeding), 2 orc wizards and 2 orcs.

Vanquished Creatures
  The ghost of Torious the Caller, a weakling DESu (D:3)
  A hound (D:4)
  2 orc priests (D:4)
  An orc wizard (D:4)
  10 gnolls
  An adder (D:3)
  A giant mite (D:2)
  An inept item mimic (D:4)
  A giant gecko (D:2)
  3 orcs
  4 giant cockroaches
  6 hobgoblins
  9 bats
  4 giant newts
  4 goblins
  2 kobolds
  5 rats
56 creatures vanquished.

Notes
Turn   | Place    | Note
--------------------------------------------------------------
     0 | D:1      | Jenx, the Troll Monk, began the quest for the Orb.
     0 | D:1      | Reached XP level 1. HP: 22/22 MP: 1/1
   444 | D:1      | Reached XP level 2. HP: 29/29 MP: 1/1
  1218 | D:2      | Reached skill level 5 in Unarmed Combat
  1218 | D:2      | Reached XP level 3. HP: 33/36 MP: 2/2
  1372 | D:2      | Reached XP level 4. HP: 44/44 MP: 2/2
  1563 | D:2      | Reached skill level 6 in Unarmed Combat
  2045 | D:3      | Reached XP level 5. HP: 48/50 MP: 2/2
  2138 | D:3      | Noticed Torious' ghost (weakling DESu)
  2152 | D:3      | Killed Torious' ghost
  2446 | D:3      | Found a glowing golden altar of the Shining One.
  2530 | D:4      | Reached skill level 7 in Unarmed Combat
  2574 | D:4      | Found a staircase to the Ecumenical Temple.
  2626 | Temple   | Entered the Ecumenical Temple
  2774 | Temple   | Became a worshipper of Makhleb the Destroyer
  2774 | Temple   | Acquired Makhleb's first power
  2774 | Temple   | Acquired Makhleb's second power
  2953 | D:4      | Reached skill level 1 in Invocations
  2953 | D:4      | Reached XP level 6. HP: 54/59 MP: 4/4
  3013 | D:4      | Killed from afar by an orc wizard

Action                   |  1- 3 |  4- 6 || total
-------------------------+-------+-------++-------
Melee: Unarmed           |    63 |    92 ||   155
Invok: Minor Destruction |       |     3 ||     3
  Use: Potion            |       |     3 ||     3
 Stab: Sleeping          |       |     1 ||     1
